 Dungeon Crawl Stone Soup version 0.27-a0-931-g5a74e75d8f (webtiles) character file.

Game seed: 4319661841895682668

46 polve the Slasher (level 3, 0/29 HPs)
             Began as a Demonspawn Abyssal Knight on Apr 10, 2021.
             Was a Believer of Lugonu.
             Killed by Freeze
             ... generated by an endoplasm
              (2 damage)
             ... on level 2 of the Dungeon.
             The game lasted 00:01:27 (1501 turns).

polve the Slasher (Demonspawn Abyssal Knight)       Turns: 1501, Time: 00:01:27

Health: 0/29       AC:  6    Str: 11 (12) XL:     3   Next: 44%
Magic:  3/3        EV: 11    Int: 13 (14) God:    Lugonu [**....]
Gold:   47         SH:  0    Dex:  9 (12) Spells: 2/2 levels left

rFire    . . .     SeeInvis .   a - +1 falchion
rCold    . . .     Faith    .   (no shield)
rNeg     . . .     Spirit   .   b - +0 leather armour
rPois    .         Reflect  .   f - +2 helmet
rElec    .         Harm     .   (no cloak)
rCorr    .         Rampage  .   (no gloves)
Will     .....                  (no boots)
Stlth    +.........             (no amulet)
HPRegen  0.09/turn              (no ring)
MPRegen  0.08/turn              (no ring)

@: lethally poisoned (0 -> -2)
A: sturdy frame 1, [low mp 2]
a: Renounce Religion, Depart the Abyss, Bend Space


You were on level 2 of the Dungeon.
You worshipped Lugonu.
Lugonu was pleased with you.
You visited 1 branch of the dungeon, and saw 2 of its levels.
You visited the Abyss 1 time.

You collected 47 gold pieces.

Inventory:

Hand Weapons
 a - a +1 falchion (weapon)
Armour
 b - a +0 leather armour (worn)
 f - a +2 helmet (worn)
Jewellery
 i - a +6 ring of dexterity
Scrolls
 d - a scroll of amnesia {unknown}
 g - a scroll of summoning {unknown}
 h - a scroll of teleportation {unknown}
Potions
 c - a potion of magic


   Skills:
 - Level 3.0 Fighting
 + Level 3.5 Long Blades
 - Level 1.7 Armour
 - Level 0.8 Dodging
 - Level 2.4 Invocations


You had 2 spell levels left.
You didn't know any spells.
Your spell library was empty.

Dungeon Overview and Level Annotations

Branches:
Dungeon (2/15)

Altars:


Innate Abilities, Weirdness & Mutations

Your movements are slightly less encumbered by armour. (ER -2)
[Your magical capacity is very low. (-20% MP)]


Message History

You closely miss the adder.
The adder is moderately wounded.
You feel sick. The adder bites you but does no damage.
You hit the adder.
The adder is almost dead.
You feel sick. The adder barely misses you. The adder bites you.
It was a potion of degeneration.
There was something very wrong with that liquid.
You feel weakened.
You feel dopey.
You feel clumsy.
You feel sick. The adder bites you.
You hit the adder.
The adder is almost dead.
You feel sick. The adder completely misses you. The adder bites you.
* * * LOW HITPOINT WARNING * * *
You are lethally poisoned!
The adder poisons you!
You miss the adder.
The adder is almost dead.
* * * LOW HITPOINT WARNING * * *
You feel sick. The adder bites you but does no damage.
You barely miss the adder.
The adder is almost dead.
* * * LOW HITPOINT WARNING * * *
You feel sick. The adder barely misses you.
You barely miss the adder.
The adder is almost dead.
* * * LOW HITPOINT WARNING * * *
You feel sick. The adder closely misses you. The adder barely misses you.
You hit the adder.
You kill the adder!
Lugonu accepts your kill.
You can now bend space around yourself.
* * * LOW HITPOINT WARNING * * *
You feel sick.
You hit the endoplasm.
The endoplasm is heavily wounded.
* * * LOW HITPOINT WARNING * * *
You feel sick. The endoplasm freezes you.
You are frozen.
You die...

# ###...# #.### ###.....#
....######.......#
#..#......##...#
#.........##...#
#..#....###..######
#.<....#$#..#
##...##.##..#######.#
......#@#....##......#
..#####..##J##.......######
#........#S#....#...##
....####w##.......## #...
..#.....###..##
#...#=..#..#### #...## ..
#..#?. #....## ###..## #.
###.####.##... #...### #.
#.......# #...######....#


You could see a worm, an adder and an endoplasm.

Vanquished Creatures
  An adder (D:2)
  3 ball pythons
  4 endoplasms (D:1)
  A giant cockroach (D:1)
  4 hobgoblins (D:1)
  5 jackals (D:1)
  2 kobolds (D:1)
  2 quokkas (D:1)
  3 bats (D:1)
  A frilled lizard (D:1)
  8 rats (D:1)
34 creatures vanquished.

Notes
Turn   | Place    | Note
-------+----------+-------------------------------------------
     0 | Abyss:1  | polve the Demonspawn Abyssal Knight began the quest for the
                  | Orb.
     0 | Abyss:1  | Reached XP level 1. HP: 18/18 MP: 2/2
    22 | Abyss:1  | Found a corrupted altar of Lugonu.
    72 | Abyss:1  | Noticed a neqoxec
    91 | Abyss:2  | Noticed a wretched star
   100 | D:1      | Escaped the Abyss
   307 | D:1      | Reached * piety under Lugonu
   311 | D:1      | Gained mutation: Your movements are slightly less
                  | encumbered by armour. (ER -2) [demonic ancestry]
   311 | D:1      | Reached XP level 2. HP: 11/24 MP: 3/3
   768 | D:1      | Found a faded altar of an unknown god.
  1066 | D:1      | Reached XP level 3. HP: 26/29 MP: 3/3
  1500 | D:2      | Reached ** piety under Lugonu
  1501 | D:2      | Killed from afar by an endoplasm

Illustrated notes

Levels and vault maps discovered:
D:1:      onia_arrival_handbag, layout_rooms, ebering_ecumenical_altar_box
D:2:      layout_rooms, minmay_vboxes, uniq_robin, uniq_jessica

Skill      XL: |  1  2 |
---------------+-------+-----
Long Blades    | 2 3 |  3.5
Fighting       | |  3.0
Armour         | |  1.7
Dodging        | |  0.8
Invocations    | |  2.4

Action                   || total
-------------------------++-------
Melee: Falchion          ||   107
Invok: Depart the Abyss  ||     1
  Use: Potion            ||     2
       Scroll            ||     1
 Stab: Sleeping          ||     1
Armor: Leather armour    ||    43
Dodge: Dodged            ||    85
       Rpst.: Falchion   ||    26

Table legend: (Time is in decaauts)
 A = Elapsed time spent in this place.
 B = Non-inter-level travel time spent in this place.
 C = Inter-level travel time spent in this place.
 D = Time resting spent in this place.
 E = Time spent auto-exploring this place.
 F = Levels seen in this place.
 G = Mean time per level.
                   A        B        C        D        E       F      G
               +--------+--------+--------+--------+--------+-----+--------+
         Total |   1519 |   1473 |     46 |      0 |   1203 |   4 |  379.8 |
       Dungeon |   1419 |   1373 |     46 |      0 |   1127 |   2 |  709.5 |
         Abyss |     99 |     99 |      0 |      0 |     76 |   2 |   49.5 |
               +--------+--------+--------+--------+--------+-----+--------+

Top non-repeatable levels by time:
     D:1: 1317 daAuts
     D:2: 102 daAuts
 Abyss:1: 79 daAuts
 Abyss:2: 20 daAuts
